 Dungeon Crawl Stone Soup version 0.27-a0-1188-g73eefd5def (webtiles) character file.

Game seed: 11059497514239696359

18 Hamester5 the Insei (level 2, 0/22 HPs)
             Began as a Djinni Transmuter on May 22, 2021.
             Slain by a quokka (2 damage)
             ... on level 1 of the Dungeon.
             The game lasted 00:01:28 (678 turns).

Hamester5 the Insei (Djinni Transmuter)              Turns: 678, Time: 00:01:29

Health: 0/22       AC:  2    Str:  9    XL:     2   Next: 90%
Gold:   19         EV: 12    Int: 14    God:
                   SH:  0    Dex: 13

rFire    + + .     SeeInvis .     - Unarmed
rCold    x . .     Faith    .   (no shield)
rNeg     . . .     Spirit   .   a - +0 robe
rPois    ∞         Reflect  .   (helmet currently unavailable)
rElec    .         Harm     .   (no cloak)
rCorr    .         Rampage  .   (no gloves)
Will     .....                  (boots unavailable)
Stlth    +.........             (no amulet)
HPRegen  0.07/turn              (no ring)
MPRegen  0.00/turn              (no ring)

@: appendages (expiring), flying
A: horns 2, flying, sickness immunity, fire resistance 2, cold vulnerability 1,
float, innate caster, hp casting, extra vitality 1
a: End Transformation


You were on level 1 of the Dungeon.
You had temporarily grown beastly horns.
You visited 1 branch of the dungeon, and saw 1 of its levels.

You collected 19 gold pieces.

Inventory:

Armour
 a - a +0 robe (worn)
 b - a +0 pair of gloves
Scrolls
 c - a scroll of fog {unknown}
 f - a scroll of noise {unknown}
 g - a scroll of teleportation {unknown}
Potions
 d - a potion of might {unknown}
 e - a potion of curing {unknown}


   Skills:
 + Level 1.0 Fighting
 + Level 2.3 Dodging
 + Level 3.5 Unarmed Combat
 + Level 1.9 Spellcasting


You couldn't memorise any spells.
You knew the following spells:

 Your Spells              Type           Power      Damage    Failure   Level
a - Beastly Appendage     Tmut           12%        N/A       11%         1
b - Wereblood             Tmut           6%         N/A       17%         2
c - Spider Form           Tmut/Pois      3%         N/A       32%         3
d - Ice Form              Ice/Tmut       6%         N/A       73%         4
e - Hydra Form            Tmut           3%         N/A       97%         5
Your spell library was empty.

Dungeon Overview and Level Annotations

Branches:
Dungeon (1/15)

Altars:

Shops:
D:1 [


Innate Abilities, Weirdness & Mutations

You have temporarily grown beastly horns.
You are flying.
You are immune to sickness and miasma.
You are immune to poison.
Your flesh is very heat resistant. (rF++)
You are vulnerable to cold. (rC-)
You float through the air rather than walking.
You learn spells naturally, not from books.
Your magical power is your life essence.
You have superior vitality. (+4 HP)


Message History

You hit the hobgoblin but do no damage.
The hobgoblin is almost dead.
The hobgoblin closely misses you.
You hit the hobgoblin.
You kill the hobgoblin!
Your transformation is almost over.
Found Pejimus's Antique Armour Shoppe.
Found a stone staircase leading down.
Your horns disappear.
There is an entrance to Pejimus's Antique Armour Shoppe here.
Found a leather armour and a ring mail.
f - a scroll labelled OFRAOCKO ZOFO
g - a scroll labelled LIOJUKIACK A quokka comes into view.
A quokka is nearby!
You see here 11 gold pieces.
You now have 19 gold pieces (gained 11).
A kobold comes into view. It is wielding a +0 dagger.
The kobold shouts!
Found 17 gold pieces.
You grow a pair of large bovine horns.
The quokka bites you. The kobold barely misses you.
You barely miss the kobold. The quokka closely misses you.
The kobold barely misses you.
You completely miss the kobold. The quokka closely misses you.
You completely miss the kobold. The quokka bites you.
The kobold barely misses you. The quokka bites you.
You hit the kobold but do no damage. Your headbutt misses the kobold.
Your transformation is almost over.
The kobold hits you with a +0 dagger. The quokka bites you.
You closely miss the kobold. Your headbutt misses the kobold.
The kobold hits you with a +0 dagger.
* * * LOW HITPOINT WARNING * * *
The quokka bites you.
* * * LOW HITPOINT WARNING * * *
You closely miss the kobold. Your headbutt misses the kobold.
The kobold hits you with a +0 dagger.
* * * LOW HITPOINT WARNING * * *
The quokka bites you.
You die...

#.## ..# #^## ## ....#
#.## #.. .....# #.##
#... ...$.+ #.##
#..####.#.# #.##
#..#.....# #.##
####.r.#...# ###'##
#....K@....# ..##...##
####.......##.>.++.<.##
##......##...##...##
#.......##...######
#...#.....##...#######
#..###.#...............
..# #.#..............#
.# #.[............###
#.................


You could see a quokka and a kobold.

Vanquished Creatures
  A dart slug (D:1)
  3 endoplasms (D:1)
  2 giant cockroaches (D:1)
  2 goblins (D:1)
  2 hobgoblins (D:1)
  2 ball pythons (D:1)
  A kobold (D:1)
  A rat (D:1)
14 creatures vanquished.

Notes
Turn   | Place    | Note
-------+----------+-------------------------------------------
     0 | D:1      | Hamester5 the Djinni Transmuter began the quest for the
                  | Orb.
     0 | D:1      | Reached XP level 1. HP: 17/17 MP: 0/0
   181 | D:1      | Reached XP level 2. HP: 22/22 MP: 0/0
   650 | D:1      | Found Pejimus's Antique Armour Shoppe.
   678 | D:1      | Slain by a quokka

Illustrated notes

Levels and vault maps discovered:
D:1:      dpeg_arrival_simpleton_b, layout_rooms, serial_shops, shop,
          minmay_misc_feat_columns

Action                   || total
-------------------------++-------
Melee: Unarmed           ||    42
       Headbutt          ||     6
 Cast: Beastly Appendage ||    11
Armor: Robe              ||     6
Dodge: Dodged            ||    22

Table legend: (Time is in decaauts)
 A = Elapsed time spent in this place.
 B = Non-inter-level travel time spent in this place.
 C = Inter-level travel time spent in this place.
 D = Time resting spent in this place.
 E = Time spent auto-exploring this place.
 F = Levels seen in this place.
 G = Mean time per level.
                   A        B        C        D        E       F      G
               +--------+--------+--------+--------+--------+-----+--------+
         Total |    675 |    675 |      0 |    249 |    287 |   1 |  675.0 |
       Dungeon |    675 |    675 |      0 |    249 |    287 |   1 |  675.0 |
               +--------+--------+--------+--------+--------+-----+--------+

Top non-repeatable levels by time:
     D:1: 675 daAuts
